 Dungeon Crawl Stone Soup version 0.24.0-123-gd5b16e6ec5 (webtiles) character file.

Game seed: 9030572345401491611, levelgen mode: deterministic

697 Descartes the Insei (level 7, 0/37 HPs)
             Began as a Vine Stalker Monk on Dec 26, 2019.
             Slain by a gnoll
             ... wielding a +1 flail of crushing
              (5 damage)
             ... on level 5 of the Dungeon.
             The game lasted 00:10:10 (4598 turns).

Descartes the Insei (Vine Stalker Monk)             Turns: 4598, Time: 00:10:10

Health: 0/37       AC:  8    Str: 16    XL:     7   Next: 65%
Magic:  0/8        EV: 13    Int: 10    God:
Gold:   326        SH:  5    Dex: 16    Spells: 6/6 levels left

rFire    . . .     SeeInvis +   h - +2 dagger (venom)
rCold    . . .     Gourm    .   y - +1 buckler
rNeg     . . .     Faith    .   q - +3 leather armour
rPois    .         Spirit   +   k - +2 hat
rElec    .         Reflect  .   (no cloak)
rCorr    .         Harm     .   (no gloves)
MR       .....                  (no boots)
Stlth    +++.......             (no amulet)
HPRegen  0.52/turn              v - ring of see invisible
MPRegen  0.11/turn              (no ring)

@: lethally poisoned (0 -> 0)
A: fangs 2, regeneration 1, magic shield, antimagic bite, no potion heal 3, rot
immunity
a: no special abilities


You were on level 5 of the Dungeon.
You were not hungry.

You visited 1 branch of the dungeon, and saw 6 of its levels.

You collected 352 gold pieces.
You spent 26 gold pieces at shops.

Inventory:

Hand Weapons
 h - a +2 dagger of venom (weapon)
Missiles
 c - 10 bolts
 d - 267 stones (quivered)
 f - 80 arrows
 l - 7 boomerangs
Armour
 a - a +4 ring mail
 k - a +2 hat (worn)
 q - a +3 leather armour (worn)
 y - a +1 buckler (worn)
Jewellery
 v - a ring of see invisible (left hand)
Scrolls
 m - 5 scrolls of remove curse
 p - 4 scrolls of teleportation
 t - a scroll of enchant armour
 u - 2 scrolls of amnesia
 w - a scroll of immolation {unknown}
 A - a scroll of fear {unknown}
Potions
 e - 3 potions of curing {unknown}
 g - a potion of mutation {unknown}
 i - 2 potions of invisibility
 j - a potion of experience {unknown}
 n - a potion of berserk rage {unknown}
 o - a potion of might
 s - a potion of resistance {unknown}
 x - 2 potions of magic {unknown}
 z - a potion of brilliance {unknown}
Comestibles
 b - 9 rations
 r - a chunk of flesh


   Skills:
 + Level 4.0 Fighting
 + Level 2.3 Armour
 + Level 3.6 Dodging
 + Level 4.7 Stealth
 + Level 1.2 Shields
 * Level 5.4 Unarmed Combat


You had 6 spell levels left.
You didn't know any spells.
Your spell library contained the following spells:

 Spells                   Type           Power        Failure   Level  Hunger
 Summon Small Mammal      Summ           #...         54%         1    ##.....
 Call Imp                 Summ           #.......     69%         2    ###....
 Call Canine Familiar     Summ           #.......     89%         3    ####...
 Summon Guardian Golem    Hex/Summ       #.......     89%         3    ####...
 Summon Ice Beast         Ice/Summ       #.......     100%        4    #####..
 Summon Lightning Spire   Summ/Air       #.......     100%        4    #####..


Dungeon Overview and Level Annotations

Branches:
Dungeon (6/15)             Temple (0/1) D:6

Altars:
Cheibriados
Elyvilon
Nemelex Xobeh
Okawaru
Qazlal
Trog
Yredelemnul
Zin

Shops:
D:5 ?


Innate Abilities, Weirdness & Mutations

You have extremely sharp teeth.
Your natural rate of healing is unusually fast.
When hurt, damage is shared between your health and your magic reserves.
Your bite disrupts and absorbs the magic of your enemies.
Potions cannot restore your health.
You are immune to rotting.


Message History

You drain its power.
You feel invigorated.
The worker ant is heavily wounded.
You feel sick.
The worker ant bites you but does no damage.
You hit the worker ant.
You kill the worker ant!
You feel sick.
You hit the gnoll but do no damage. You bite the gnoll, but do no damage.
The gnoll hits you with a +1 flail of crushing.
You barely miss the gnoll.
You feel sick.
You barely miss the gnoll. The gnoll misses you.
You completely miss the gnoll.
You feel sick.
The gnoll hits you with a +1 flail of crushing!
* * * LOW HITPOINT WARNING * * *
x2 You hit the gnoll.
The gnoll is poisoned.
You bite the gnoll. You drain its power.
You feel invigorated.
The gnoll is severely wounded.
You feel sick.
The gnoll hits you with a +1 flail of crushing!
You die...

#.###.#.###.........###
#.##.)..# ##.......## #
#.#.....# ##.....## #
#.##....# ##...## #
#.###.#.#######'##
#g>รท....##.......#
####.#####.####..#
#.#####.####..######
#.g@................
#######.##.....#####
#.###....# #.###....#
#........# ######.###
#.# #.# #.# ####


You could see a gnoll.

Vanquished Creatures
  Sigmund (D:5)
  A scorpion (D:4)
  A howler monkey (D:5)
  A hound (D:5)
  A jelly (D:5)
  2 orc wizards
  A bullfrog skeleton (D:6)
  An iguana (D:4)
  5 worker ants
  A hound skeleton (D:5)
  A gnoll (D:5)
  2 adders (D:3)
  2 oozes
  A worm (D:2)
  6 dart slugs
  3 leopard geckos
  16 orcs
  4 giant cockroaches
  10 hobgoblins
  2 jackals (D:5)
  2 ball pythons (D:4)
  2 bats (D:1)
  3 frilled lizards
  16 goblins
  5 kobolds
  6 rats
96 creatures vanquished.

Notes
Turn   | Place    | Note
-------+----------+-------------------------------------------
     0 | D:1      | Descartes the Vine Stalker Monk began the quest for the
                  | Orb.
     0 | D:1      | Reached XP level 1. HP: 11/11 MP: 2/2
   448 | D:1      | Reached XP level 2. HP: 16/16 MP: 3/3
   956 | D:1      | Reached XP level 3. HP: 19/19 MP: 4/4
  1211 | D:2      | Found an iron altar of Okawaru.
  1479 | D:2      | Found a bloodstained altar of Trog.
  1490 | D:2      | Found a sparkling altar of Nemelex Xobeh.
  1730 | D:2      | Found a snail-covered altar of Cheibriados.
  1814 | D:2      | Found a glowing silver altar of Zin.
  2039 | D:3      | Found a basalt altar of Yredelemnul.
  2111 | D:3      | Gained mutation: Your natural rate of healing is unusually
                  | fast. [Vine Stalker growth]
  2111 | D:3      | Reached XP level 4. HP: 24/24 MP: 5/5
  2146 | D:3      | Reached skill level 1 in Armour
  2317 | D:3      | Reached skill level 4 in Unarmed Combat
  2452 | D:3      | Reached XP level 5. HP: 21/28 MP: 6/6
  3035 | D:4      | Reached XP level 6. HP: 32/32 MP: 7/7
  3464 | D:5      | Entered Level 5 of the Dungeon
  3464 | D:5      | Found Qienoul's Magic Scroll Boutique.
  3469 | D:5      | Bought a scroll of random uselessness for 13 gold pieces
  3469 | D:5      | Bought a scroll of noise for 13 gold pieces
  3535 | D:5      | Found a white marble altar of Elyvilon.
  3580 | D:5      | Found a stormy altar of Qazlal.
  3861 | D:5      | Noticed Sigmund
  3871 | D:5      | Killed Sigmund
  3871 | D:5      | Reached skill level 5 in Unarmed Combat
  3871 | D:5      | Reached XP level 7. HP: 37/37 MP: 8/8
  4260 | D:6      | Reached skill level 1 in Shields
  4362 | D:6      | Found a staircase to the Ecumenical Temple.
  4598 | D:5      | Slain by a gnoll

Levels and vault maps discovered:
D:1:      dpeg_arrival_arbitrary_a, layout_basic, hangedman_decor_push
D:2:      layout_loops_ring, kennysheep_slug_shrine,
          nemelex_xobeh_ov_fountains_minmay, zin_statuary,
          overflow_temple_1_default, kennysheep_okawaru_gauntlet
D:3:      layout_loops_ring, yredelemnul_altar_generic, first_ration,
          guppyfry_early_orc_mine
D:4:      layout_loops_ring
D:5:      layout_loops_corners, chequers_temple_overflow_statue_of_worship,
          serial_shops, shop, uniq_sigmund
D:6:      layout_rooms, hangedman_ru_absence, old_standard_altar,
          minmay_temple_entry_proselytizer, uniq_menkaure, uniq_blork_the_orc,
          uniq_crazy_yiuf_cottage

Skill      XL: |  1  2  3  4  5  6  7 |
---------------+----------------------+-----
Fighting       | 3 4 |  4.0
Stealth        | 3 4 |  4.7
Armour         | 1 2 |  2.3
Unarmed Combat | 4 5 |  5.4
Dodging        | 3 |  3.6
Shields        | 1 |  1.2

Action                   |  1- 3 |  4- 6 |  7- 9 || total
-------------------------+-------+-------+-------++-------
Melee: Unarmed           |    24 |       |       ||    24
       Bite              |    19 |    52 |    24 ||    95
       Dagger            |    68 |   138 |    76 ||   282
       Punch             |     1 |     2 |       ||     3
Throw: Stone             |    41 |       |       ||    41
  Use: Scroll            |     1 |     7 |       ||     8
 Stab: Sleeping          |     5 |     7 |     2 ||    14
  Eat: Chunk             |     4 |     5 |     3 ||    12
Armor: Robe              |    10 |     1 |       ||    11
       Leather armour    |       |    27 |    33 ||    60
Dodge: Dodged            |    55 |    65 |    57 ||   177
Block: Buckler           |       |    14 |    18 ||    32
